AoeStats
← RedPhosphoru

Arabian Desert

509976799Analyzed
1v1 RM · 3d ago on Sep 28, 2026· 29m 16s· 2 players
Game mode
Random Map
Map size
Tiny (2 player)
Population
200
Speed
Normal
Resources
Standard
Victory
Conquest
Starting age
Dark Age
Ending age
Imperial Age
RankedLock teamsTeams togetherTeam positionsShared explorationLock speedFull tech treeHidden civsTurbo modeCheats
Victory
Defeat
🇺🇸 Ethiopians · United States
2317
+21
🇦🇺 Danes · Australia
2419
-21
RedPhosphoru
10:33 Feudal Age
8:55 Loom
14:16 Castle Age
13:31 Double-Bit Axe
STORM | Noszombie
12:31 Feudal Age
12:22 Loom
16:03 Castle Age
14:03 Double-Bit Axe
13:44 Man-at-Arms
14:19 Double-Bit Axe
15:16 Arson
15:51 Scale Mail Armor
Connection lost

Rejoining the realm…

Still unreachable

The connection could not be restored.

Session expired

The server has moved on; the page needs a fresh start.